[Event "Team 45 45 League T87"]
[Site "Internet Chess Club"]
[Date "2021.01.24"]
[Round "3"]
[White "timothysmall56"]
[Black "kabindra"]
[Result "0-1"]
[WhiteElo "1686"]
[BlackElo "1797"]
[Opening "Sicilian: Canal-Sokolsky (Nimzovich-Rossolimo, Moscow) attack"]
[ECO "B51"]
[Time "17:03:36"]
[TimeControl "2700+45"]

1. e4 c5 2. Nf3 d6 3. Bb5+ Nd7 4. d4 cxd4 5. Nxd4 a6 6. Be2 b5 7. O-O Nb6 8. e5
dxe5 9. Nc6 Qxd1 10. Rxd1 f6 11. Rd8+ Kf7 12. Be3 Nc4 13. Bxc4+ bxc4 14. Nc3 Bb7
15. Rxa8 Bxa8 16. Na5 e6 17. Nxc4 Nh6 18. Rd1 Nf5 19. Bb6 Bb4 20. Rd7+ Kg6 21.
Ba5 Bc6 22. Ra7 Bxc3 23. Bxc3 Rd8 24. f3 Bb5 25. b3 Rd1+ 26. Kf2 Rc1 27. Ne3
Nxe3 28. Kxe3 Rxc2 29. Bb4 Re2# {White checkmated} 0-1

[Event "Team 45 45 League T87"]
[Site "Internet Chess Club"]
[Date "2021.01.23"]
[Round "3"]
[White "julesraider"]
[Black "fireball"]
[Result "1-0"]
[WhiteElo "1609"]
[BlackElo "1501"]
[Opening "Budapest: Adler variation"]
[ECO "A52"]
[Time "12:05:34"]
[TimeControl "2700+45"]

1. d4 Nf6 2. c4 e5 3. dxe5 Ng4 4. Nf3 Bc5 5. e3 Nc6 6. a3 a5 7. Nc3 Qe7 8. Nd5
Qd8 9. b3 Ngxe5 10. Bb2 d6 11. h3 Bf5 12. Be2 f6 13. Nh4 Be6 14. f4 Nf7 15. Qd3
Bxd5 16. cxd5 Ne7 17. O-O O-O 18. Rf3 g6 19. Bxf6 Qd7 20. Rg3 Nh6 21. Nxg6 Nef5
22. Ne5+ Nxg3 23. Nxd7 Rae8 24. Nxc5 Rxf6 25. Ne6 c6 26. Bf3 c5 27. b4 axb4 28.
axb4 cxb4 29. Rb1 Re7 30. Rxb4 Rg6 31. e4 Rf6 32. Kh2 {Black resigns} 1-0

[Event "Team 45 45 League T87"]
[Site "Internet Chess Club"]
[Date "2021.01.23"]
[Round "3"]
[White "tamky70"]
[Black "Toalla"]
[Result "1/2-1/2"]
[WhiteElo "1275"]
[BlackElo "1189"]
[Opening "QGD Slav defense: exchange variation"]
[ECO "D10"]
[Time "14:33:21"]
[TimeControl "2700+45"]

1. d4 d5 2. c4 c6 3. cxd5 cxd5 4. Nf3 Bf5 5. Nc3 e6 6. e3 Nc6 7. a3 a6 8. Be2
Be7 9. Kf1 Nf6 10. Nh4 Bg6 11. Nxg6 hxg6 12. h3 Qd7 13. Bf3 e5 14. dxe5 Nxe5 15.
Be2 Rd8 16. b4 d4 17. exd4 Qxd4 18. Qxd4 Rxd4 19. Be3 Rd7 20. Rb1 O-O 21. Rc1
Nd5 22. Nxd5 Rxd5 23. g3 Rfd8 24. Kg2 Nd3 25. Bxd3 Rxd3 26. Ra1 b5 27. Ra2 f5
28. Re1 Kf7 29. Ree2 Bf6 30. Bc5 R8d7 31. h4 f4 32. gxf4 Bxh4 33. Re4 Bf6 34.
Re3 Rd2 35. Re2 R2d5 36. Be3 Bd4 37. Red2 Bxe3 38. Rxd5 Rxd5 39. fxe3 Rd3 40.
Kf3 Ke6 41. a4 Rd6 42. axb5 axb5 43. Ra5 Rb6 44. Ke4 Kd6 45. Kd4 Kc6 46. Ra8 Kb7
47. Rg8 Rd6+ 48. Kc3 Rd7 49. Rh8 Rd5 50. Rh7 Rd7 51. Rh8 Rd5 52. Rh7 Rd7 {Game
drawn by mutual agreement} 1/2-1/2

[Event "Team 45 45 League T87"]
[Site "Internet Chess Club"]
[Date "2021.01.26"]
[Round "3"]
[White "fvafier"]
[Black "WillC"]
[Result "1-0"]
[WhiteElo "1529"]
[BlackElo "1520"]
[Opening "Neo-Grünfeld defense"]
[ECO "D70"]
[Time "17:02:30"]
[TimeControl "2700+45"]

1. d4 Nf6 2. Nf3 g6 3. c4 d5 4. e3 Bg7 5. b3 O-O 6. Bb2 Bg4 7. Nbd2 Nbd7 8. Bd3
e5 9. dxe5 Nxe5 10. Bxe5 Re8 11. Bb2 c5 12. cxd5 Qxd5 13. Be2 Rad8 14. Qc2 Bf5
15. Qc3 Nh5 16. Qc1 Nf6 17. O-O a6 18. Rd1 Qc6 19. Ne5 Qc7 20. Ndf3 Rc8 21. Bc4
Re7 22. a4 Ne4 23. Nd3 Nf6 24. Nf4 Be4 25. Bd3 Bxf3 26. gxf3 Qc6 27. e4 Bh6 28.
Qc3 Bg7 29. Nd5 Re6 30. Bc4 Nh5 31. Qc2 b5 32. axb5 axb5 33. Bxg7 Nxg7 34. Be2
Nh5 35. Ra7 Rce8 36. Rc7 Qa6 37. Rxc5 Nf6 38. Nc7 {Black resigns} 1-0

[Event "Team 45 45 League T87"]
[Site "Internet Chess Club"]
[Date "2021.01.24"]
[Round "3"]
[White "RD1974"]
[Black "dalmata"]
[Result "1/2-1/2"]
[WhiteElo "1501"]
[BlackElo "1572"]
[Opening "Réti: King's Indian attack, French variation"]
[ECO "C00"]
[Time "17:04:14"]
[TimeControl "2700+45"]

1. e4 e6 2. d3 d5 3. Nd2 Nf6 4. g3 c5 5. Bg2 Nc6 6. Ngf3 Be7 7. O-O O-O 8. Re1
dxe4 9. dxe4 e5 10. Nc4 Bg4 11. Qxd8 Raxd8 12. Nfxe5 Nxe5 13. Nxe5 Bh5 14. Bf4
Nd7 15. f3 Nxe5 16. Bxe5 f6 17. Bc3 Bd6 18. Rad1 Be5 19. Bxe5 fxe5 20. Kf2 b5
21. Rd5 Rxd5 22. exd5 Re8 23. d6 Rd8 24. Rd1 Bg6 25. Bh3 Bxc2 26. Rd2 Bb1 27. a3
Kf7 28. d7 Ba2 29. Rd6 Ke7 30. Rc6 c4 31. Ke3 Bb1 32. Rc5 Kd6 33. Rxb5 g6 34.
Ra5 Bf5 35. Bxf5 gxf5 36. Rxa7 Kc6 37. Ra4 Kb5 38. Ra7 Kb6 39. Ra4 Kb5 40. Rb4+
Kc5 41. g4 fxg4 42. fxg4 Rxd7 43. Ke4 Rd2 44. h4 Rd4+ 45. Kf3 Rd3+ 46. Ke4 Rd4+
47. Kxe5 Rxg4 48. b3 Rxh4 49. Rxc4+ Rxc4 50. bxc4 Kxc4 51. a4 Kb4 52. Kf5 Kxa4
53. Kg5 h6+ 54. Kxh6 {Game drawn because neither player has mating material}
1/2-1/2

[Event "Team 45 45 League T87"]
[Site "Internet Chess Club"]
[Date "2021.01.24"]
[Round "3"]
[White "oldsj"]
[Black "Megasus"]
[Result "0-1"]
[WhiteElo "1406"]
[BlackElo "1487"]
[Opening "Sicilian: Katalimov variation"]
[ECO "B27"]
[Time "19:00:42"]
[TimeControl "2700+45"]

1. e4 c5 2. Nf3 b6 3. d4 cxd4 4. Nxd4 Bb7 5. Nc3 a6 6. Be3 e6 7. Qd2 Bb4 8. a3
Bxc3 9. Qxc3 Bxe4 10. O-O-O Nf6 11. f3 Bb7 12. Bg5 Nd5 13. Qd2 Qc7 14. Bd3 Nc6
15. Be4 Nce7 16. Bh4 O-O 17. Bg3 e5 18. Nb3 d6 19. Bh4 f6 20. g4 Rac8 21. Bg3 g6
22. h4 f5 23. gxf5 Rxf5 24. Bxf5 Nxf5 25. Bf2 Nfe3 26. c3 Nxd1 27. Qxd1 Qc4 28.
Kb1 Rf8 29. Nd2 Qd3+ 30. Ka1 b5 31. h5 Ne3 32. Bxe3 Qxe3 33. Qb3+ d5 34. Ne4
Qxf3 35. Re1 Qxh5 36. Nd6 Bc6 37. Qc2 e4 38. Qg2 Qf3 39. Qg5 Qf6 40. Qg3 Rd8
{White resigns} 0-1

[Event "Team 45 45 League T87"]
[Site "Internet Chess Club"]
[Date "2021.01.22"]
[Round "3"]
[White "Ajolote"]
[Black "cool64chess"]
[Result "0-1"]
[WhiteElo "2034"]
[BlackElo "1994"]
[Opening "French: Winawer, classical variation"]
[ECO "C18"]
[Time "20:39:58"]
[TimeControl "2700+45"]

1. e4 e6 2. d4 d5 3. Nc3 Bb4 4. e5 c5 5. a3 Bxc3+ 6. bxc3 Qc7 7. Nf3 Ne7 8. h4
b6 9. Bb5+ Bd7 10. Bd3 h6 11. O-O Ba4 12. Bf4 Nd7 13. Qd2 c4 14. Be2 O-O-O 15.
h5 Rdg8 16. Nh4 Nf8 17. Bg4 g5 18. hxg6 Nfxg6 19. Nxg6 Nxg6 20. Bh5 Bxc2 21. Bg3
Be4 22. a4 Nh4 23. Kh2 Qe7 24. Qf4 Nf5 25. a5 b5 26. a6 Rg5 27. Bg4 Nxg3 28.
fxg3 Rhg8 29. Bh3 R8g7 30. Qf6 Qxf6 31. exf6 Rg8 32. Ra5 Rxg3 33. Rxb5 Rxh3+ 34.
Kxh3 Bxg2+ 35. Kh4 Bxf1 36. Rb7 Rf8 37. Rxa7 Kb8 38. Rb7+ Ka8 39. Kh5 Bd3 40.
Kxh6 Bg6 41. Kg7 Rb8 42. Rxf7 Bxf7 43. Kxf7 Rb3 {White resigns} 0-1

[Event "Team 45 45 League T87"]
[Site "Internet Chess Club"]
[Date "2021.01.22"]
[Round "3"]
[White "fhunfi"]
[Black "McDreasor"]
[Result "0-1"]
[WhiteElo "1804"]
[BlackElo "1915"]
[Opening "Ruy Lopez: Caro variation"]
[ECO "C70"]
[Time "10:00:12"]
[TimeControl "2700+45"]

1. e4 e5 2. Nf3 Nc6 3. Bb5 a6 4. Ba4 b5 5. Bb3 Nf6 6. d4 exd4 7. e5 Ne4 8. Bd5
Nc5 9. Nxd4 Bb7 10. Bxc6 dxc6 11. O-O Qh4 12. Nf3 Qh5 13. Nc3 Be7 14. Qe2 Ne6
15. Rd1 O-O 16. Be3 Rad8 17. Rxd8 Rxd8 18. Rd1 c5 19. Rxd8+ Bxd8 20. Qd1 Bc6 21.
Nd5 Qf5 22. Nf4 Be7 23. Nxe6 Qxe6 24. Bg5 Bf8 25. Bf4 Qxa2 26. b3 c4 27. h3 cxb3
28. cxb3 Qa3 29. e6 Qe7 30. exf7+ Qxf7 31. Ne5 Qxf4 32. Nxc6 Qe4 33. Nd4 c5 34.
Nf3 a5 35. Ng5 Qf5 36. h4 h6 37. Nf3 c4 38. bxc4 bxc4 39. Qd4 Qd3 40. Qb6 Qd5
41. Nd4 a4 42. Ne6 Qd1+ 43. Kh2 Qd6+ 44. Qxd6 Bxd6+ 45. Kg1 a3 46. Nd4 a2 47.
Nc2 Be5 {White resigns} 0-1

[Event "Team 45 45 League T87"]
[Site "Internet Chess Club"]
[Date "2021.01.21"]
[Round "3"]
[White "ErnestoRondon"]
[Black "KidRattler"]
[Result "0-1"]
[WhiteElo "1866"]
[BlackElo "1774"]
[Opening "Scandinavian (center counter) defense"]
[ECO "B01"]
[Time "16:05:04"]
[TimeControl "2700+45"]

1. e4 d5 2. Nc3 dxe4 3. Nxe4 Nf6 4. Ng3 c5 5. Nf3 Nc6 6. Bc4 e6 7. O-O a6 8. a4
Be7 9. d3 b6 10. b3 Bb7 11. Bb2 Qc7 12. Ng5 Nd8 13. N3e4 h6 14. Nxf6+ Bxf6 15.
Bxf6 gxf6 16. Ne4 Qe7 17. Qh5 f5 18. Ng3 Qg5 19. f4 Qxh5 20. Nxh5 Nc6 21. Rae1
Ke7 22. Ng3 Kf6 23. c3 h5 24. Ne2 Rad8 25. Rd1 Rhg8 26. Rf2 h4 27. d4 Na5 28. g3
Rd6 29. Rb1 Be4 30. Rb2 Nxc4 31. bxc4 Bd3 32. a5 bxa5 33. dxc5 Rc6 34. Rb6 Rxc5
35. Rxa6 Bxe2 36. Rxe2 hxg3 37. h3 Rxc4 38. Rxa5 Rxc3 39. Ra4 Rd8 40. Kg2 Kg6
41. Rb4 Rdd3 42. Ra4 Re3 43. Rd2 Rcd3 44. Rb2 Re4 45. Ra8 Rxf4 46. Rg8+ Kf6 47.
Rxg3 Rxg3+ 48. Kxg3 Rc4 49. Rb3 Kg5 50. Rb7 f4+ 51. Kf3 Rc3+ 52. Kg2 f5 53. Rg7+
Kf6 54. Rg8 Rg3+ 55. Rxg3 fxg3 56. Kxg3 Kg5 57. Kf3 Kh4 58. Kg2 e5 59. Kh2 e4
60. Kg2 f4 61. Kh2 f3 62. Kg1 Kxh3 63. Kh1 e3 64. Kg1 Kg3 65. Kf1 f2 66. Ke2 Kg2
{White resigns} 0-1

[Event "Team 45 45 League T87"]
[Site "Internet Chess Club"]
[Date "2021.01.21"]
[Round "3"]
[White "chesskix"]
[Black "filmdirector"]
[Result "0-1"]
[WhiteElo "1458"]
[BlackElo "1636"]
[Opening "English opening"]
[ECO "A22"]
[Time "18:00:42"]
[TimeControl "2700+45"]

1. c4 Nf6 2. Nc3 e5 3. e4 d6 4. g3 g6 5. Bg2 Bg7 6. Nge2 Be6 7. d3 Qd7 8. h3 O-O
9. Be3 Nh5 10. g4 Nf6 11. O-O h5 12. g5 Nh7 13. Kh2 f6 14. f4 exf4 15. gxf6 Bxf6
16. Bxf4 g5 17. Be3 Be5+ 18. Kg1 Bxh3 19. Rxf8+ Kxf8 20. Qf1+ Kg7 21. Bxh3 g4
22. Bg2 h4 23. Bd4 Nc6 24. Bxe5+ Nxe5 25. Rd1 Rf8 26. Nf4 h3 27. Bxh3 gxh3 28.
Qxh3 Rxf4 29. Qxd7+ Nxd7 30. Nd5 Rg4+ 31. Kf2 c6 32. Ne7 Ne5 33. Nf5+ Kf6 34.
Nxd6 Rf4+ 35. Ke3 Rf3+ 36. Ke2 Rh3 37. Rf1+ Ke6 38. Nxb7 Rh2+ 39. Ke3 Rh3+ 40.
Ke2 Nf6 41. Nc5+ Ke7 42. b3 Nfg4 43. a4 a5 44. d4 Rh2+ 45. Ke1 Nf7 46. Rg1 Ne3
47. d5 cxd5 48. exd5 Ne5 49. Rg3 Nc2+ 50. Kd1 Nb4 51. Re3 Kf6 52. d6 Rh1+ 53.
Re1 Rxe1+ 54. Kxe1 Nbc6 55. Ke2 Nf7 56. d7 Ke7 57. Ke3 Kd6 58. d8=Q+ Nfxd8 59.
Ne4+ Ke5 60. Nd2 Nb7 61. Kd3 Nc5+ 62. Kc3 Ne4+ 63. Nxe4 Kxe4 64. Kb2 Kd4 65. Kc2
Nb4+ 66. Kb2 Kd3 67. c5 Kd2 68. c6 Nxc6 69. b4 Nxb4 70. Kb3 Kd3 71. Ka3 Kc4 72.
Kb2 Na6 73. Ka3 Nc5 74. Kb2 Kb4 75. Ka2 Kxa4 76. Kb2 Nd3+ 77. Ka2 Kb4 78. Kb1
Kb3 79. Ka1 Nb4 80. Kb1 Nc2 81. Kc1 a4 82. Kb1 a3 83. Kc1 a2 {White resigns} 0-1

[Event "Team 45 45 League T87"]
[Site "Internet Chess Club"]
[Date "2021.01.24"]
[Round "3"]
[White "MacroPawn"]
[Black "Sloggi"]
[Result "0-1"]
[WhiteElo "1842"]
[BlackElo "1940"]
[Opening "English: Neo-Catalan"]
[ECO "A13"]
[Time "22:06:41"]
[TimeControl "2700+45"]

1. c4 Nf6 2. g3 e6 3. Nf3 d5 4. b3 Be7 5. Bg2 O-O 6. O-O c6 7. d4 Nbd7 8. e3 b6
9. Bb2 Bb7 10. cxd5 cxd5 11. Qe2 Rc8 12. Na3 a6 13. Rfc1 b5 14. Nc2 Ne4 15. Nce1
Qb6 16. Nd3 a5 17. Nfe5 Nxe5 18. Nxe5 Rxc1+ 19. Rxc1 Rc8 20. f3 Rxc1+ 21. Bxc1
Nc3 22. Qc2 b4 23. Bd2 Qc7 24. Bf1 Ne2+ {White resigns} 0-1

[Event "Team 45 45 League T87"]
[Site "Internet Chess Club"]
[Date "2021.01.24"]
[Round "3"]
[White "ArturitoGalacti"]
[Black "PolishRyszard"]
[Result "0-1"]
[WhiteElo "1807"]
[BlackElo "1849"]
[Opening "English: Sicilian reversed"]
[ECO "A25"]
[Time "15:00:36"]
[TimeControl "2700+45"]

1. c4 e5 2. Nc3 Nc6 3. g3 Bc5 4. Bg2 a6 5. e3 d6 6. Nge2 Ba7 7. d4 exd4 8. exd4
Nge7 9. O-O Bg4 10. h3 Bxe2 11. Nxe2 Nf5 12. Be3 O-O 13. Qd2 Re8 14. Bxc6 bxc6
15. Rae1 h6 16. Nc3 Qf6 17. Rd1 Re7 18. g4 Nh4 19. f4 Rae8 20. g5 Qf5 21. Rde1
Qxh3 {White resigns} 0-1

[Event "Team 45 45 League T87"]
[Site "Internet Chess Club"]
[Date "2021.01.25"]
[Round "3"]
[White "cadmiumorange"]
[Black "Tufnell"]
[Result "1/2-1/2"]
[WhiteElo "1837"]
[BlackElo "1772"]
[Opening "Richter-Veresov attack"]
[ECO "D01"]
[Time "08:00:38"]
[TimeControl "2700+45"]

1. d4 Nf6 2. Nc3 d5 3. Bg5 Nbd7 4. f3 c6 5. e4 dxe4 6. fxe4 e5 7. Nf3 Qa5 8.
Bxf6 Nxf6 9. Nxe5 Bb4 10. Qf3 O-O 11. Bc4 Be6 12. O-O Bc5 13. Qd3 Bxd4+ 14. Qxd4
Rad8 15. Qe3 Qxe5 16. Bxe6 fxe6 17. Qxa7 Ng4 18. g3 Nxh2 19. Rxf8+ Rxf8 20. Kxh2
Qh5+ 21. Kg2 Qf3+ 22. Kh2 Qh5+ 23. Kg2 Qf3+ 24. Kh2 Qh5+ 25. Kg2 Qf3+ 26. Kh2
{Game drawn by repetition} 1/2-1/2

[Event "Team 45 45 League T87"]
[Site "Internet Chess Club"]
[Date "2021.01.21"]
[Round "3"]
[White "room-matt"]
[Black "pishd"]
[Result "1/2-1/2"]
[WhiteElo "1805"]
[BlackElo "1852"]
[Opening "French: Rubinstein variation"]
[ECO "C10"]
[Time "12:05:13"]
[TimeControl "2700+45"]

1. e4 e6 2. d4 d5 3. Nc3 dxe4 4. Nxe4 Nd7 5. Nf3 Ngf6 6. Nxf6+ Nxf6 7. Bg5 h6 8.
Bh4 c5 9. Bxf6 gxf6 10. c3 Bd7 11. Bd3 Rg8 12. Rg1 cxd4 13. Nxd4 Bc5 14. Qf3
Bxd4 15. cxd4 Bc6 16. Be4 Qa5+ 17. Kd1 Qa4+ 18. Ke2 Qb5+ 19. Ke3 Bxe4 20. Qxe4
Rd8 21. b3 Rd5 22. Rac1 Ke7 23. Rc4 Qb6 24. Kf3 Rgd8 25. Rd1 Qa5 {Game drawn by
mutual agreement} 1/2-1/2

[Event "Team 45 45 League T87"]
[Site "Internet Chess Club"]
[Date "2021.01.24"]
[Round "3"]
[White "room-matt"]
[Black "Draconian"]
[Result "1-0"]
[WhiteElo "1814"]
[BlackElo "1630"]
[Opening "Sicilian: closed"]
[ECO "B23"]
[Time "12:02:14"]
[TimeControl "2700+45"]

1. e4 c5 2. Nc3 e6 3. f4 d5 4. Bb5+ Nc6 5. Nf3 Nf6 6. e5 Nd7 7. O-O Be7 8. Ne2
O-O 9. d3 Qb6 10. c4 f6 11. Qa4 fxe5 12. Bxc6 bxc6 13. fxe5 Qc7 14. Bf4 Rb8 15.
Qc2 Ba6 16. b3 Rf5 17. Bg3 Rbf8 18. Rf2 g5 19. h3 h5 20. Raf1 g4 21. hxg4 hxg4
22. Nh2 Rxf2 23. Rxf2 Rxf2 24. Kxf2 Nxe5 25. Kg1 Bd6 26. Bxe5 Bxe5 27. Nxg4 Bg7
28. Qd2 e5 29. Nh6+ Kh7 30. Nf5 Bc8 31. Neg3 Bxf5 32. Nxf5 Qf7 33. g4 Qg6 34.
Qh2+ Bh6 35. Nxh6 Qxh6 36. Qxe5 Qc1+ 37. Kf2 Qd2+ 38. Qe2 Qf4+ 39. Qf3 Qd2+ 40.
Kg3 Qe1+ 41. Kf4 Kg6 42. cxd5 Qd2+ 43. Ke5 Qxd3 {Black resigns} 1-0

[Event "Team 45 45 League T87"]
[Site "Internet Chess Club"]
[Date "2021.01.25"]
[Round "3"]
[White "Zugzwanged"]
[Black "Kingofknights"]
[Result "1/2-1/2"]
[WhiteElo "1714"]
[BlackElo "1566"]
[Opening "Caro-Kann: exchange, Rubinstein variation"]
[ECO "B13"]
[Time "11:02:45"]
[TimeControl "2700+45"]

1. e4 c6 2. d4 d5 3. exd5 cxd5 4. Bd3 Nc6 5. c3 Nf6 6. Bf4 e6 7. Nf3 a6 8. Nbd2
Be7 9. a4 Bd7 10. Ne5 O-O 11. O-O Nxe5 12. dxe5 Ne8 13. Qh5 f5 14. exf6 Nxf6 15.
Qe2 Qe8 16. Nf3 Nh5 17. Be5 Nf4 18. Bxf4 Rxf4 19. Ne5 Bd6 20. g3 Rf6 21. Rfe1
Bxa4 22. Ng4 Rf7 23. Qxe6 Qd7 24. Qxd5 Bc6 25. Qd4 Rd8 26. Bc4 Bf3 27. Ne5 Bxe5
28. Qxd7 Rxd7 29. Rxe5 Kf8 30. Bxf7 Rxf7 31. Rae1 Bc6 32. Rd1 g6 33. f4 Kg7 34.
Rde1 Kh6 35. h3 Rd7 36. Kf2 Bb5 37. b4 Rd2+ 38. Kf3 Rh2 39. h4 Bc6+ 40. Ke3 Rg2
41. Rg5 Kg7 42. Re2 Rg1 43. Kf2 Rc1 44. Re3 Rc2+ 45. Ke1 Rh2 46. f5 Rh1+ 47. Kd2
Rf1 48. fxg6 hxg6 49. Re6 Rf2+ 50. Ke3 Rf3+ 51. Kd4 Rf1 52. Rgxg6+ Kf7 53. h5
Rd1+ 54. Kc5 Rd5+ 55. Kb6 Rb5+ 56. Kc7 Rxh5 57. Rgf6+ Kg7 58. Rxc6 bxc6 59. Rf3
c5 60. bxc5 Rxc5+ 61. Kb6 Rc8 62. Kxa6 Rb8 63. c4 Kg6 64. c5 Kg5 65. c6 Rb1 66.
c7 Rc1 67. Rf8 Rxc7 68. Rg8+ Kf6 69. Kb6 Rg7 70. Rxg7 Kxg7 71. Kc6 Kf6 72. Kd5
Kf5 73. Kd4 Kg4 74. Ke3 Kxg3 {Game drawn because neither player has mating
material} 1/2-1/2

[Event "Team 45 45 League T87"]
[Site "Internet Chess Club"]
[Date "2021.01.20"]
[Round "3"]
[White "cap78red"]
[Black "dalmata"]
[Result "0-1"]
[WhiteElo "1472"]
[BlackElo "1575"]
[Opening "English: Mikenas-Carls variation"]
[ECO "A18"]
[Time "16:56:42"]
[TimeControl "2700+45"]

1. c4 e6 2. Nc3 Nf6 3. e4 Be7 4. e5 Ng8 5. Qg4 g6 6. d4 d5 7. Nf3 Nc6 8. Be3 h5
9. Qg3 Nh6 10. Bg5 Nxd4 11. Bxe7 Nxf3+ 12. Qxf3 Qxe7 13. cxd5 exd5 14. Qxd5 O-O
15. Be2 Rd8 16. Qe4 c6 17. O-O Bf5 18. Qf4 Kg7 19. Rad1 Ng4 20. Rxd8 Rxd8 21.
Rd1 Rxd1+ 22. Bxd1 Nxe5 23. Bxh5 Nd3 24. g4 Nxf4 {White resigns} 0-1

[Event "Team 45 45 League T87"]
[Site "Internet Chess Club"]
[Date "2021.01.23"]
[Round "3"]
[White "fledermaus"]
[Black "bobhill"]
[Result "1-0"]
[WhiteElo "1895"]
[BlackElo "1843"]
[Opening "QGD: Tartakower (Makagonov-Bondarevsky) system"]
[ECO "D58"]
[Time "14:01:00"]
[TimeControl "2700+45"]

1. d4 d5 2. c4 e6 3. Nc3 Be7 4. Nf3 Nf6 5. Bg5 O-O 6. e3 h6 7. Bh4 b6 8. Qb3 Bb7
9. Bxf6 Bxf6 10. cxd5 Bxd5 11. Nxd5 exd5 12. Rc1 a5 13. Bb5 Qd6 14. O-O c6 15.
Be2 Nd7 16. Rfd1 Rfc8 17. Qd3 b5 18. Qf5 g6 19. Qd3 a4 20. h4 Nb6 21. h5 g5 22.
Nh2 Nc4 23. Qb1 Bd8 24. Bg4 Bc7 25. Nf3 Re8 26. b3 axb3 27. axb3 Rxe3 28. fxe3
Nxe3 29. Ne5 Nxd1 30. Rxc6 Qb4 31. Qxd1 Bxe5 32. dxe5 Qe4 33. e6 f5 34. Bf3 Qe5
35. Bxd5 Kf8 36. e7+ Ke8 37. Re6 Ra1 38. Bc6+ {Black resigns} 1-0

[Event "Team 45 45 League T87"]
[Site "Internet Chess Club"]
[Date "2021.01.24"]
[Round "3"]
[White "Rookmaster"]
[Black "MathBandit"]
[Result "0-1"]
[WhiteElo "1612"]
[BlackElo "1688"]
[Opening "Sicilian: Nimzovich-Rossolimo attack (with ...g6, without ...d6)"]
[ECO "B31"]
[Time "07:00:33"]
[TimeControl "2700+45"]

1. e4 c5 2. Nf3 Nc6 3. Bb5 g6 4. O-O Bg7 5. Re1 e5 6. Bxc6 dxc6 7. d3 Ne7 8.
Nbd2 Be6 9. Nc4 Bxc4 10. dxc4 Qxd1 11. Rxd1 Rd8 12. Rxd8+ Kxd8 13. Be3 b6 14.
Rd1+ Kc7 15. a4 Rd8 16. Rxd8 Kxd8 17. a5 Nc8 18. Nd2 Nd6 19. axb6 axb6 20. b4
cxb4 21. Bxb6+ Kd7 22. Bc5 Bh6 23. Bxd6 Kxd6 24. Nb3 f5 25. f3 Be3+ 26. Kf1 h5
27. h4 f4 28. Ke2 Bb6 29. Kf1 Bd8 30. c5+ Kd7 31. Nc1 Bxh4 32. Nd3 Bf6 33. Nxb4
g5 34. Nd3 Ke6 35. Nb4 Kd7 36. Ke2 g4 37. Nd3 g3 38. Kd2 h4 39. Nc1 Be7 40. Nd3
h3 {White resigns} 0-1

[Event "Team 45 45 League T87"]
[Site "Internet Chess Club"]
[Date "2021.01.23"]
[Round "3"]
[White "MrAbendroth"]
[Black "Mitochondria"]
[Result "1-0"]
[WhiteElo "1649"]
[BlackElo "1564"]
[Opening "Sicilian: Canal-Sokolsky attack, 3...Bd7"]
[ECO "B52"]
[Time "08:01:35"]
[TimeControl "2700+45"]

1. e4 c5 2. Nf3 d6 3. Bb5+ Bd7 4. Bxd7+ Qxd7 5. O-O e6 6. Re1 Nf6 7. c3 Be7 8.
d4 cxd4 9. cxd4 O-O 10. Nbd2 Nc6 11. Nf1 Rfd8 12. h3 d5 13. e5 Ne8 14. Ng5 Nc7
15. Nh2 Nb5 16. Ngf3 Rac8 17. a3 a6 18. Qd3 Nb8 19. Ng5 g6 20. Ng4 Rf8 21. a4
Na7 22. Bd2 Nac6 23. Rac1 Qd8 24. h4 Nd7 25. Nh6+ Kg7 26. Be3 Nb4 27. Qe2 Nc6
28. Qf3 Qe8 29. Ng4 Rh8 30. Nh6 Rf8 31. Rcd1 Nb4 32. Re2 Nc6 33. Qh3 Bxg5 34.
hxg5 Nb4 35. Ng4 Rc2 36. Qh6+ Kh8 37. Nf6 Nxf6 38. exf6 Rg8 39. Rxc2 Nxc2 40.
Rd3 Nxe3 41. Rxe3 Qxa4 42. Qxh7+ {Black resigns} 1-0

[Event "Team 45 45 League T87"]
[Site "Internet Chess Club"]
[Date "2021.01.25"]
[Round "3"]
[White "WillC"]
[Black "ILRE"]
[Result "0-1"]
[WhiteElo "1537"]
[BlackElo "1632"]
[Opening "Queen's pawn game, Darooha variation "]
[ECO "D02"]
[Time "18:00:36"]
[TimeControl "2700+45"]

1. d4 d5 2. Nf3 Nf6 3. b3 c6 4. Bb2 h6 5. e3 Bg4 6. Nbd2 e6 7. Be2 Nbd7 8. O-O
Be7 9. c4 O-O 10. Rc1 Qa5 11. a3 Qd8 12. Ne5 Bxe2 13. Qxe2 Ne8 14. f4 Ndf6 15.
Qf3 Nd6 16. cxd5 exd5 17. Rc2 Nde4 18. Nxe4 Nxe4 19. Rfc1 Bd6 20. Nd3 Qe7 21. b4
Rfe8 22. Ne5 Rad8 23. Re1 a6 24. Nd3 Qf6 25. Ne5 Re7 26. Ng4 Qf5 27. Bc1 Rde8
28. Ne5 f6 29. g4 Qh7 30. Nd3 Qg6 31. Rg2 Qf7 32. Nf2 Qe6 33. Nxe4 Qxe4 34. Qxe4
Rxe4 35. Rf1 Be7 36. Bd2 Kh7 37. h4 Rf8 38. Rff2 Kg8 39. g5 hxg5 40. hxg5 fxg5
41. fxg5 Rxf2 42. Kxf2 g6 43. Kf3 Bd6 44. Be1 Kg7 45. Bg3 Bxg3 46. Rxg3 Rh4 47.
a4 Rh1 48. e4 dxe4+ 49. Kxe4 Rb1 50. b5 axb5 51. axb5 Rxb5 52. Rc3 Rxg5 53. Rb3
Rb5 54. Rc3 Rd5 55. Rb3 Rd7 56. Rc3 Kf6 57. Rf3+ Ke6 58. Rg3 Rg7 59. Rg5 Kd6 60.
Kd3 b6 61. Kc4 Ke6 62. d5+ cxd5+ 63. Rxd5 Rc7+ 64. Kd4 Rc5 65. Rd8 Rc6 66. Rg8
Kf5 67. Kd5 Rf6 68. Kd4 g5 69. Ke3 Kg4 70. Rg7 Rf5 71. Rg6 b5 72. Rd6 Rf4 73.
Rd5 b4 74. Rb5 b3 75. Ke2 Rf3 76. Rb4+ Kg3 77. Rb5 g4 78. Rb4 b2 {White resigns}
0-1

[Event "Team 45 45 League T87"]
[Site "Internet Chess Club"]
[Date "2021.01.25"]
[Round "3"]
[White "clarinetref"]
[Black "julesraider"]
[Result "1-0"]
[WhiteElo "1466"]
[BlackElo "1586"]
[Opening "English opening"]
[ECO "A05"]
[Time "20:00:28"]
[TimeControl "2700+45"]

1. Nf3 Nf6 2. c4 g6 3. b3 Bg7 4. Bb2 d6 5. g3 b6 6. Bg2 Bb7 7. O-O e5 8. d3 O-O
9. Nc3 Nbd7 10. Qc2 Re8 11. Rad1 a5 12. a3 Nc5 13. e4 Ne6 14. Nd5 Nc5 15. Nd2 c6
16. Nc3 Ng4 17. b4 axb4 18. axb4 Ne6 19. Ne2 h5 20. h3 Nh6 21. Ra1 Ba6 22. Ra3
Qd7 23. Rfa1 Bb7 24. Ra7 Rxa7 25. Rxa7 Kh7 26. Qa4 Rc8 27. Nb3 Rc7 28. d4 b5 29.
cxb5 cxb5 30. Qa1 f6 31. d5 Ng5 32. Kh2 Bc8 33. Rxc7 Qxc7 34. Nc3 Qd7 35. Qf1
Qa7 36. Nxb5 Qb6 37. Bc1 Ba6 38. f4 Bxb5 39. Qe1 Ngf7 40. Be3 Qc7 41. Qf2 f5 42.
Bb6 Qc3 43. Na5 exf4 44. gxf4 Qxb4 45. Nc6 Qc4 46. Na5 Qd3 47. Qe3 Qc2 48. Qb3
Qe2 49. Qe3 Qd1 50. Qb3 Qe2 51. Qe3 Qb2 52. Qf2 Qa3 53. Qe3 Bd3 54. Nc4 Qc3 55.
Na5 h4 56. Nc6 Qc4 57. Na5 Qb5 58. Nc6 fxe4 59. Bxe4 Bxe4 60. Qxe4 Qxb6 61. Ne7
Qf2+ 62. Kh1 Nf5 63. Nxf5 Qf1+ 64. Kh2 Qf2+ 65. Kh1 gxf5 66. Qxf5+ Kg8 67. Qc8+
Kh7 68. Qf5+ Kh6 69. Qe6+ Kh7 70. Qxf7 Qf1+ 71. Kh2 Qxf4+ 72. Qxf4 Be5 73. Qxe5
dxe5 74. d6 Kg7 75. d7 Kf7 76. d8=Q {Black resigns} 1-0

[Event "Team 45 45 League T87"]
[Site "Internet Chess Club"]
[Date "2021.01.24"]
[Round "3"]
[White "MartyJR"]
[Black "sdcohle"]
[Result "0-1"]
[WhiteElo "1560"]
[BlackElo "1365"]
[Opening "King's Indian: London system"]
[ECO "A45"]
[Time "14:31:04"]
[TimeControl "2700+45"]

1. d4 Nf6 2. Bf4 g6 3. Nf3 d6 4. e3 Bg7 5. Be2 b6 6. h3 Bb7 7. Nbd2 O-O 8. O-O
Nbd7 9. c3 Re8 10. Bh2 e5 11. dxe5 dxe5 12. Nc4 Rc8 13. Ncxe5 Nxe5 14. Nxe5 Ne4
15. Nf3 Qe7 16. Qc2 c5 17. Rfd1 Nxf2 18. Bb5 Nxd1 19. Bxe8 Qxe3+ 20. Kh1 Nf2+
21. Kg1 Nxh3+ 22. Kf1 Bxf3 23. gxh3 Rxe8 24. Bg1 Be2+ {White resigns} 0-1